 Dungeon Crawl Stone Soup version 0.31-a0-237-g2d982f9f85 (webtiles) character file.

Game seed: 17946431652661775541

25 qw the Shooter (level 3, -1/21 HPs)
             Began as a Gargoyle Hexslinger on July 10, 2023.
             Slain by an orc wizard
             ... wielding a +0 dagger
              (3 damage)
             ... on level 2 of the Dungeon.
             The game lasted 00:00:18 (1092 turns).

qw the Shooter (Gargoyle Hexslinger)                Turns: 1092, Time: 00:00:19

Health: -1/21      AC:  6    Str: 11    XL:     3   Next: 6%
Magic:  4/4        EV: 11    Int: 13    God:
Gold:   66         SH:  0    Dex: 14    Spells: 3/4 levels left

rFire   . . .        Y - +1 sling (flame)
rCold   + . .        (no shield)
rNeg    + . .        f - +0 leather armour
rPois   inf          (no helmet)
rElec   +            (no cloak)
rCorr   .            (no gloves)
SInv    .            (no boots)
Will    .....        (no amulet)
Stlth   +            h - ring of protection from cold
HPRegen 0.23/turn    (no ring)
MPRegen 0.09/turn

%: no passive effects
@: confused
A: sickness immunity, AC +3, negative energy resistance 1, electricity
resistance, torment resistance 1, petrification resistance
a: no special abilities


You were on level 2 of the Dungeon.
You visited 1 branch of the dungeon, and saw 2 of its levels.

You collected 66 gold pieces.


Innate Abilities, Weirdness & Mutations

You are immune to sickness and miasma.
Your stone body is resilient. (AC +3)
You are immune to poison.
You resist negative energy. (rN+)
You are resistant to electric shocks. (rElec)
You are resistant to unholy torment.
You are immune to petrification.


   Skills:
 - Level 2.1 Fighting
 + Level 3.0 Ranged Weapons
 - Level 1.5 Dodging
 - Level 1.0 Spellcasting
 - Level 2.6 Hexes


You had 3 spell levels left.
You knew the following spells:

 Your Spells              Type           Power      Damage    Failure   Level
a - Slow                  Hex            28%        N/A       12%         1

Your spell library contained the following spells:

 Spells                   Type           Power      Damage    Failure   Level
 Inner Flame              Hex/Fire       4%         N/A       54%         3
 Portal Projectile        Hex/Tloc       8%         N/A       54%         3
 Cause Fear               Hex            3%         N/A       77%         4

Inventory:

Hand Weapons
 Y - a +1 sling of flaming (weapon)
Armour
 f - a +0 leather armour (worn)
Jewellery
 d - an amulet of faith
 h - a ring of protection from cold (left hand)
Scrolls
 a - a scroll of immolation {unknown}
 c - 2 scrolls of teleportation
 e - 3 scrolls of identify
Potions
 b - a potion of might {unknown}
 g - a potion of haste {unknown}
 j - 2 potions of heal wounds {unknown}
 k - 2 potions of curing {unknown}
 l - a potion of enlightenment {unknown}
 n - a potion of magic {unknown}
 o - a potion of attraction {unknown}

Dungeon Overview and Level Annotations

Branches:
Dungeon (2/15)

Altars:


Message History

You have reached level 3!
Your experience leads to an increase in your attributes!
Increase (S)trength, (I)ntelligence, or (D)exterity?
You feel agile. x2
You shoot a sling bullet. The sling bullet hits the orc wizard.
The sling bullet burns the orc wizard.
The orc wizard is heavily wounded.
You hear a shout!
You shoot a sling bullet.
The sling bullet closely misses the orc wizard.
The orc wizard casts a spell at you. The puff of flame hits you.
You shoot a sling bullet.
The sling bullet barely misses the orc wizard.
The orc wizard hits you with a +0 dagger.
An orc comes into view. It is wielding a +0 war axe.
The orc wizard barely misses you.
You shoot a sling bullet. The sling bullet hits the orc wizard.
The sling bullet burns the orc wizard.
The orc wizard is almost dead.
The orc wizard hits you but does no damage.
The orc wizard gestures at you while chanting.
The puff of flame hits you.
You shoot a sling bullet.
The sling bullet closely misses the orc wizard.
The orc wizard points at you and mumbles some strange words.
You are confused.
The orc wizard hits you with a +0 dagger.
The orc wizard misses you. The orc wizard casts a spell at you.
The magic dart hits you but does no damage.
The orc wizard mumbles some strange words.
The orc wizard flickers and vanishes!
Deactivating autopickup; reactivate with Ctrl-A.
The orc wizard barely misses you.
The orc priest mumbles some strange prayers to Beogh against you.
Beogh smites you! Something hits you but does no damage.
The orc wizard hits you with a +0 dagger.
You die...

..#.. .# #
#####.####.#
#.##.... #####
####.##.#.# ....
..##.##.#.# #..#
#.##......#
#..####.#####.###
#.....#.#####.#
####.##.........#
#o@.........#.###
#{#########...#
#oo. ##./# ...o.~
#..# ........
#..# #.###.....o
#..# # .......o
$#.## .#..~..oo
.##.# .# #.#


You could see an orc priest, an orc wizard and 2 orcs.

Vanquished Creatures
  An adder (D:2)
  2 bats (D:1)
  3 hobgoblins (D:1)
  A quokka (D:1)
  2 ball pythons (D:1)
  A frilled lizard (D:1)
  8 rats (D:2)
18 creatures vanquished.

Notes
Turn   | Place    | Note
-------+----------+-------------------------------------------
     0 | D:1      | qw the Gargoyle Hexslinger began the quest for the Orb.
     0 | D:1      | Reached XP level 1. HP: 12/12 MP: 2/2
     0 | D:1      | 0 ||| qw: Version: 0.3-a-52-g30416fa
     0 | D:1      | 0 ||| qw: Game counter: 5168
     0 | D:1      | 0 ||| qw: Melee chars always use a shield: true
     0 | D:1      | 0 ||| qw: God list: Okawaru
     0 | D:1      | 0 ||| qw: Allow faded altars: false
     0 | D:1      | 0 ||| qw: Do Orc after clearing Dungeon:15 true
     0 | D:1      | 0 ||| qw: Do second Lair branch before Depths: true
     0 | D:1      | 0 ||| qw: Lair rune preference: random
     0 | D:1      | 0 ||| qw: Goals: Normal
     0 | D:1      | 0 ||| PLANNING D:1-11
   428 | D:1      | Reached XP level 2. HP: 16/16 MP: 3/3
   848 | D:1      | 848 ||| UPGRADING to +0 leather armour.
   858 | D:1      | 858 ||| DROPPING +0 robe.
   859 | D:1      | 859 ||| UPGRADING to ring of protection from cold.
   860 | D:1      | 860 ||| READING scroll labelled CILAUR ADUM.
   861 | D:1      | 861 ||| READING scroll labelled OGOTOR REOLUATT.
   862 | D:1      | 862 ||| READING scroll labelled TIWYOGG CYWAITITTA.
   867 | D:1      | 867 ||| READING scroll labelled WUOQEI ZEMESCH.
   868 | D:1      | 868 ||| READING scroll labelled OSMUOCIFOCS.
   869 | D:1      | 869 ||| DROPPING scroll of poison.
   944 | D:2      | Reached skill level 3 in Ranged Weapons
  1077 | D:2      | 1077 ||| Stepping ~*~*~tactically~*~*~ (outnumbered).
  1085 | D:2      | Reached XP level 3. HP: 20/21 MP: 4/4
  1091 | D:2      | HP: 2/21 [orc priest/divine providence (8)]
  1092 | D:2      | Slain by an orc wizard

Levels and vault maps discovered:
D:1:      psy_arrival_fountain, layout_loops_corners, minmay_tetromino_t4
D:2:      cheibrodos_pilgrimage, layout_loops_cross, minmay_rat_hole

Skill      XL: |  1  2 |
---------------+-------+-----
Ranged Weapons | 3 |  3.0
Fighting       | 2 |  2.1
Dodging        | |  1.5
Spellcasting   | |  1.0
Hexes          | |  2.6

Action                     || total
---------------------------++-------
   Fire: Sling             ||    50
    Use: Scroll            ||     5
 Armour: Robe              ||     5
         Leather armour    ||     9
  Dodge: Dodged            ||    12

Table legend:
 A = Non-vault XP
 B = Vault XP
 C = Vault XP percentage of total XP
 D = Non-vault monster count
 E = Vault monster count
 F = Vault count percentage of total count
                 A         B        C        D         E       F
            +---------+---------+-------+---------+---------+-------
      Total |      30 |       7 |  18.9 |      11 |       7 |  38.9
            +---------+---------+-------+---------+---------+-------
        D:1 |      14 |       1 |   6.7 |       8 |       1 |  11.1
        D:2 |      16 |       6 |  27.3 |       3 |       6 |  66.7
            +---------+---------+-------+---------+---------+-------
